 Dungeon Crawl Stone Soup version 0.29-a0-393-g47a863cc1b (webtiles) character file.

Game seed: 11117190413360641442

235 zeratav the Shooter (level 6, 0/35 HPs)
             Began as a Tengu Hunter on May 7, 2022.
             Slain by Pikel
             ... wielding a +0 whip of electrocution
              (6 damage)
             ... on level 4 of the Dungeon on May 9, 2022.
             The game lasted 00:08:14 (3052 turns).

zeratav the Shooter (Tengu Hunter)                  Turns: 3052, Time: 00:08:14

Health: 0/35       AC:  3    Str: 12    XL:     6   Next: 6%
Magic:  7/7        EV: 14    Int: 15    God:
Gold:   150        SH:  5    Dex: 19    Spells: 5/5 levels left

rFire   . . .      SeeInvis .   a - +1 shortbow {bow}
rCold   . . .      Faith    .   (shield currently unavailable)
rNeg    . . .      Spirit   .   b - +0 leather armour
rPois   .          Reflect  +   (helmet restricted)
rElec   .          Harm     .   (no cloak)
rCorr   .          Rampage  .   (no gloves)
Will    .....                   (boots unavailable)
Stlth   ++........              s - amulet of reflection
HPRegen 0.11/turn               k - +6 ring of intelligence
MPRegen 0.10/turn               (no ring)

@: flying quickly and evasively, quick
A: beak, talons 3, nimble flight
a: no special abilities


You were on level 4 of the Dungeon.
You visited 1 branch of the dungeon, and saw 4 of its levels.

You collected 150 gold pieces.


Innate Abilities, Weirdness & Mutations

You have a beak for a mouth.
You have claws for feet.
Your magical nature lets you fly swiftly and evasively.


   Skills:
 - Level 2.0 Fighting
 + Level 7.8 Bows
 - Level 2.1 Dodging
 - Level 1.0 Stealth


You had 5 spell levels left.
You didn't know any spells.
Your spell library was empty.

Inventory:

Hand Weapons
 a - a +1 shortbow (weapon) {bow}
 l - a +1 short sword of draining {short}
   (You took it off an orc on level 4 of the Dungeon)
 u - a +1 dagger of electrocution {short}
   (You took it off a goblin on level 3 of the Dungeon)
Armour
 b - a +0 leather armour (worn)
 h - a +0 leather armour
   (You took it off an orc on level 4 of the Dungeon)
 m - a +0 scale mail
   (You took it off an orc on level 4 of the Dungeon)
 t - a +0 leather armour
   (You took it off an orc on level 4 of the Dungeon)
 v - a +0 chain mail
   (You took it off an orc on level 3 of the Dungeon)
Jewellery
 i - an amulet of magic regeneration {@e2}
   (You found it on level 1 of the Dungeon)
 k - a +6 ring of intelligence (left hand)
   (You found it on level 2 of the Dungeon)
 s - an amulet of reflection (around neck)
   (You found it on level 3 of the Dungeon)
Scrolls
 c - a scroll of immolation {!r!r}
 d - 2 scrolls of teleportation {unknown}
 f - a scroll of blinking {unknown}
 n - 4 scrolls of identify {unknown}
 o - 2 scrolls of enchant armour {unknown}
 y - a scroll of vulnerability {unknown}
Potions
 e - a potion of mutation {unknown}
 g - 2 potions of lignification {unknown}
 j - a potion of attraction {unknown}
 p - a potion of cancellation {unknown}
 q - a potion of ambrosia {unknown}
 r - 2 potions of berserk rage {unknown}
 w - a potion of curing {unknown}
 x - a potion of invisibility {unknown}

Dungeon Overview and Level Annotations

Branches:
Dungeon (4/15)
 Temple: D:4-7

Altars:
Ru
Trog

Annotations:
D:3 3 runed translucent doors, bastard's ghost, amateur DjCj
D:4 Pikel

#...###### ###
#...###.#>.#
##.#........
#....#####.
##...# #..#.#
#....## #...#.#
##..#@#
......K5.......
..#.#.5..#.##..
# #.#.##5# ..
...5. .. #..
..##.# #.# . .
.# . ..


You could see Pikel and 4 lemures.


Message History

You shoot an arrow.
The arrow hits the orc but does no damage.
You block the orc's attack.
You shoot an arrow.
The arrow hits the orc but does no damage.
The orc hits you with a +0 flail! The orc misses you.
HP[-8]
You take 8 damage, and now have 23/35 hp.
MASSIVE DAMAGE!! (PAUSE)
You are too injured to fight recklessly!
You are too injured to fight recklessly!
You are too injured to fight recklessly!
An orc is nearby!
You are too injured to fight recklessly!
You are too injured to fight recklessly!
You are too injured to fight recklessly!
You don't know any spells.
Unknown command.
Shoot: a) +1 shortbow {bow}
Press: ? - help, Q - select action Shift-Dir - straight line, f/p - orc
Aim: an orc, wielding a +0 flail and wearing a +0 chain mail (heavily wounded, 72% to hit)
You shoot an arrow. The arrow hits the orc!
You kill the orc!
Shoot: a) +1 shortbow {bow}
Press: ? - help, Q - select action Shift-Dir - straight line, f - you
Okay, then.
You start resting.
HP[+12]
Your hp is fully restored (35).
v - a +0 chain mail
Things that are here:
a +0 flail {mace}; an orc corpse You see here a +0 whip {mace}.
There is a stone staircase leading down here.
You fly downwards.
There is a stone staircase leading up here.
w - a golden potion You now have 150 gold pieces (gained 7).
You see here a +0 falchion {long}.
Found a stone staircase leading down.
An endoplasm comes into view.
You shoot an arrow. The arrow hits the endoplasm!
You kill the endoplasm!
No target in view!
No target in view!
A lemure comes into view.
The lemure shouts!
A ball python comes into view.
The lemure moves out of view.
You shoot an arrow. The ball python hisses angrily.
The arrow hits the ball python!
You kill the ball python!
Pikel, Merchant of Souls comes into view.
He is wielding a +0 whip of electrocution.
You shoot an arrow. The arrow completely misses the lemure.
Pikel shouts!
The arrow hits Pikel.
You shoot an arrow. The arrow barely misses the lemure.
A lemure comes into view.
The lemure moves out of view.
You shoot an arrow. The arrow hits the lemure!
A lemure comes into view.
Shoot: a) +1 shortbow {bow}
Press: ? - help, Q - select action Shift-Dir - straight line, f - Pikel, p - lemure
Aim: Pikel, wielding a +0 whip of electrocution and wearing a +0 robe (lightly wounded, 60% to hit)
You shoot an arrow. The lemure shouts!
The arrow hits Pikel.
The lemure hits you.
HP[-1]
You take 1 damage, and now have 34/35 hp.
Shoot: a) +1 shortbow {bow}
Press: ? - help, Q - select action Shift-Dir - straight line, f/p - Pikel
Aim: Pikel, wielding a +0 whip of electrocution and wearing a +0 robe (lightly wounded, 60% to hit)
You shoot an arrow. The arrow hits Pikel!
A lemure comes into view.
The lemure hits you!
HP[-7]
You take 7 damage, and now have 27/35 hp.
Shoot: a) +1 shortbow {bow}
Press: ? - help, Q - select action Shift-Dir - straight line, f/p - Pikel
Aim: Pikel, wielding a +0 whip of electrocution and wearing a +0 robe (moderately wounded, 60% to hit)
You shoot an arrow. The lemure shouts!
The arrow hits Pikel.
The lemure hits you. Pikel closely misses you.
HP[-3]
You take 3 damage, and now have 24/35 hp.
Shoot: a) +1 shortbow {bow}
Press: ? - help, Q - select action Shift-Dir - straight line, f/p - Pikel
Aim: Pikel, wielding a +0 whip of electrocution and wearing a +0 robe (heavily wounded, 60% to hit)
You shoot an arrow. The arrow closely misses Pikel.
You hear a shout!
The lemure hits you.
Pikel hits you with a +0 whip of electrocution.
* * * LOW HITPOINT WARNING * * *
You are electrocuted!
* * * LOW HITPOINT WARNING * * *
Pikel hits you with a +0 whip of electrocution.
You die...

Skill      XL: |  1  2  3  4  5 |
---------------+----------------+-----
Bows           | 5 6 7 |  7.8
Fighting       | |  2.0
Dodging        | |  2.1
Stealth        | |  1.0

Action                   |  1- 3 |  4- 6 || total
-------------------------+-------+-------++-------
 Fire: Shortbow          |    74 |   148 ||   222
Armor: Leather armour    |     2 |     5 ||     7
Dodge: Dodged            |    15 |    38 ||    53
Block: Other             |       |     9 ||     9

Levels and vault maps discovered:
D:1:      dpeg_arrival_pond, layout_rooms
D:2:      layout_loops_ring, basic_altar
D:3:      layout_basic, lemuel_tele_altar, ebering_ghost_rock_garden, uniq_robin
D:4:      cheibrodos_pilgrimage, layout_layer_cave, minmay_temple_entry_ruins,
          uniq_pikel

Notes
Turn   | Place    | Note
-------+----------+-------------------------------------------
     0 | D:1      | zeratav the Tengu Hunter began the quest for the Orb.
     0 | D:1      | Reached XP level 1. HP: 12/12 MP: 2/2
     0 | D:1      | magus.rc [v1.9.6]
   138 | D:1      | Reached XP level 2. HP: 17/17 MP: 3/3
   167 | D:1      | Reached skill level 5 in Bows
   416 | D:2      | Reached XP level 3. HP: 21/21 MP: 4/4
   754 | D:2      | Found a sacrificial altar of Ru.
   783 | D:2      | Reached skill level 6 in Bows
   783 | D:2      | Reached XP level 4. HP: 26/26 MP: 5/5
   862 | D:2      | Upgraded the game from 0.29-a0-384-g6960b1960d to
                  | 0.29-a0-392-g297d3b089c
   862 | D:2      | magus.rc [v1.9.6]
   862 | D:2      | Upgraded the game from 0.29-a0-392-g297d3b089c to
                  | 0.29-a0-393-g47a863cc1b
   862 | D:2      | magus.rc [v1.9.6]
  1345 | D:3      | Found a runed translucent gate.
  1346 | D:3      | Found a runed translucent gate.
  1346 | D:3      | Found a runed translucent gate.
  1348 | D:3      | Noticed bastard's ghost (amateur DjCj)
  1360 | D:3      | Noticed Robin
  1375 | D:3      | Found a bloodstained altar of Trog.
  1382 | D:3      | Killed Robin
  1383 | D:3      | Gained mutation: Your magical nature lets you fly swiftly
                  | and evasively. [Tengu growth]
  1383 | D:3      | Reached XP level 5. HP: 20/30 MP: 6/6
  1628 | D:3      | Reached skill level 7 in Bows
  2435 | D:4      | HP: 4/29 [orc/+0 short sword (4)]
  2801 | D:4      | Reached XP level 6. HP: 34/35 MP: 7/7
  3045 | D:4      | Noticed Pikel
  3052 | D:4      | HP: 6/35 [Pikel/+0 whip of electrocution (9)]
  3052 | D:4      | Slain by Pikel

Vanquished Creatures
  An orc priest (D:4)
  An iguana (D:4)
  Robin (D:3)
  7 adders
  A worm (D:2)
  5 dart slugs
  8 orcs
  5 endoplasms
  14 goblins
  9 hobgoblins
  3 quokkas
  12 ball pythons
  4 bats
  2 frilled lizards (D:1)
  12 kobolds
  3 rats
88 creatures vanquished.

Table legend:
 A = Non-vault XP
 B = Vault XP
 C = Vault XP percentage of total XP
 D = Non-vault monster count
 E = Vault monster count
 F = Vault count percentage of total count
                 A         B        C        D         E       F
            +---------+---------+-------+---------+---------+-------
      Total |     263 |      74 |  22.0 |      77 |      11 |  12.5
            +---------+---------+-------+---------+---------+-------
        D:1 |      30 |       0 |   0.0 |      18 |       0 |   0.0
        D:2 |      79 |       0 |   0.0 |      26 |       0 |   0.0
        D:3 |      76 |      31 |  29.0 |      19 |       9 |  32.1
        D:4 |      78 |      43 |  35.5 |      14 |       2 |  12.5
            +---------+---------+-------+---------+---------+-------

Illustrated notes

Table legend:
 A = Kills in this place as a percentage of kills in entire the game.
 B = Kills by you in this place as a percentage of kills by you in the entire game.
 C = Kills by friends in this place as a percentage of kills by friends in the entire game.
 D = Other kills in this place as a percentage of other kills in the entire game.
 E = Experience gained in this place as a percentage of experience gained in the entire game.
 F = Experience gained in this place divided by the number of levels of this place that you have seen.
                   A       B       C       D       E      F
               +-------+-------+-------+-------+-------+----------------------
         Total | 100.0 | 100.0 |   N/A |   N/A | 100.0 |  84.2
       Dungeon | 100.0 | 100.0 |   N/A |   N/A | 100.0 |  84.2
               +-------+-------+-------+-------+-------+----------------------

Table legend: (Time is in decaauts)
 A = Elapsed time spent in this place.
 B = Non-inter-level travel time spent in this place.
 C = Inter-level travel time spent in this place.
 D = Time resting spent in this place.
 E = Time spent auto-exploring this place.
 F = Levels seen in this place.
 G = Mean time per level.
                   A        B        C        D        E       F      G
               +--------+--------+--------+--------+--------+-----+--------+
         Total |   3009 |   2894 |    115 |    468 |   1987 |   4 |  752.2 |
       Dungeon |   3009 |   2894 |    115 |    468 |   1987 |   4 |  752.2 |
               +--------+--------+--------+--------+--------+-----+--------+

Top non-repeatable levels by time:
     D:3: 1279 daAuts
     D:4: 684 daAuts
     D:2: 625 daAuts
     D:1: 420 daAuts
